 Dungeon Crawl Stone Soup version 0.18.1-50-g88ac8fd (webtiles) character file.

3068 jbasstz the Protected (level 9, -3/79 HPs)
             Began as a Minotaur Fighter on Sept 24, 2016.
             Slain by a killer bee (7 damage)
             ... on level 7 of the Dungeon on Oct 8, 2016.
             The game lasted 01:00:22 (5909 turns).

jbasstz the Protected (Minotaur Fighter)            Turns: 5909, Time: 01:00:22

Health: -3/79      AC: 16    Str: 25    XL:     9   Next: 58%
Magic:  8/8        EV:  7    Int:  5    God:
Gold:   354        SH: 11    Dex:  9    Spells: 0 memorised, 8 levels left

rFire  x . .     SeeInvis .     a - +1 flail
rCold  + . .     Gourm    .     j - +2 plate armour {MR+}
rNeg   . . .     Faith    .     c - +0 shield
rPois  .         Spirit   .     (helmet restricted)
rElec  .         Dismiss  .     (no cloak)
rCorr  .         Reflect  .     (no gloves)
SustAt .         Harm     .     (no boots)
MR     +....                    (no amulet)
Stlth  ..........               (no ring)
                                q - ring of ice

@: lethally poisoned (-3 -> -10), somewhat resistant to hostile enchantments,
extremely unstealthy
A: retaliatory headbutt, horns 2
a: no special abilities


You were on level 7 of the Dungeon.
You were not hungry.

You visited 1 branch of the dungeon, and saw 7 of its levels.

You collected 354 gold pieces.

Inventory:

Hand Weapons
 a - a +1 flail (weapon)
Armour
 b - a +0 scale mail
 c - a +0 shield (worn)
 j - a +2 plate armour of magic resistance (worn)
Jewellery
 q - a ring of ice (left hand)
 s - an uncursed ring of resist corrosion {unknown}
Wands
 i - a wand of confusion (26/48)
 y - a wand of iceblast (4/15)
 B - a wand of lightning (3/15)
 C - a wand of iceblast (4/15)
Scrolls
 e - 2 scrolls of enchant weapon
 g - 6 scrolls of identify
 k - a scroll of fog {unknown}
 l - 2 scrolls of amnesia {unknown}
 m - a scroll of immolation {unknown}
 o - 4 scrolls of remove curse {unknown}
 p - 2 scrolls of magic mapping {unknown}
 u - 2 scrolls of enchant armour {unknown}
 v - 2 scrolls of fear
 w - a scroll of teleportation
 x - a scroll of random uselessness {unknown}
Potions
 d - a potion of might
 h - a potion of cancellation {unknown}
 n - 2 potions of lignification
 r - 3 potions of haste
 t - 2 potions of resistance
 z - 2 potions of flight
 F - a potion of agility {unknown}
 G - 2 potions of heal wounds {unknown}
Comestibles
 f - 5 bread rations
 A - 2 meat rations
 D - 2 royal jellies
 E - a chunk of flesh
 H - 2 beef jerkies
 I - 7 slices of pizza


   Skills:
 + Level 7.3 Fighting
 + Level 8.1 Maces & Flails
 + Level 9.2 Armour
 + Level 4.1 Dodging
 + Level 0.6 Stealth
 + Level 8.7 Shields


You had 8 spell levels left.
You didn't know any spells.

Dungeon Overview and Level Annotations

Branches:
Dungeon (7/15)
 Temple: D:4-7

Altars:
Cheibriados
Dithmenos
Elyvilon
Fedhas
Gozag
Sif Muna
Xom
Yredelemnul
Zin
The Shining One

Shops:
D:5 *


Innate Abilities, Weirdness & Mutations

You reflexively headbutt those who attack you in melee.
You have a pair of horns on your head.


Message History

You feel sick. You block the killer bee's attack. x2
The killer bee stings you but does no damage.
You feel sick. You block the killer bee's attack.
The killer bee barely misses you. You furiously retaliate!
You headbutt the killer bee.
You kill the killer bee!
You block the killer bee's attack.
You feel sick. You block the killer bee's attack.
You feel sick. The killer bee stings you.
* * * LOW HITPOINT WARNING * * *
* * * LOW HITPOINT WARNING * * *
You feel sick. You block the killer bee's attack.
* * * LOW HITPOINT WARNING * * *
You feel sick. The killer bee closely misses you. You furiously retaliate!
You headbutt the killer bee.
* * * LOW HITPOINT WARNING * * *
You feel sick. The killer bee barely misses you.
* * * LOW HITPOINT WARNING * * *
You feel sick. The killer bee stings you!
You die...

######## #......#
######......#
#...>...@...###### ######
#.......y...##...# #.....
##................###.....
.............#.##...#.....
...............##.#.#.....
........).....#...#...<...
..............#..####......
............##..##.........
.......#(#..##.....##......


You could see a killer bee.

Vanquished Creatures
  The ghost of daning the Slasher, an amateur HESk (D:4)
  2 hogs (D:7)
  A human (D:7)
  4 ice beasts
  A black bear (D:5)
  2 ogres
  A wasp (D:7)
  3 phantoms
  A centaur (D:7)
  A necrophage (D:6)
  A big kobold (D:6)
  A giant frog (D:7)
  A scorpion (D:4)
  4 killer bees (D:7)
  3 howler monkeys
  3 crimson imps
  A quasit (D:5)
  4 hounds
  A jelly (D:6)
  A centaur skeleton (D:4)
  4 orc priests
  A giant frog skeleton (D:6)
  An orc wizard (D:6)
  Jessica (D:6)
  An iguana (D:4)
  2 worker ants
  2 sheep (D:6)
  2 hound zombies (D:6)
  3 gnolls (D:4)
  4 adders
  A howler monkey skeleton (D:4)
  A shadow imp (D:6)
  An ooze (D:2)
  An adder zombie (D:5)
  An adder skeleton (D:6)
  3 worms
  A dart slug (D:3)
  3 giant geckos
  9 orcs
  10 bats
  5 giant cockroaches
  15 goblins
  12 hobgoblins
  5 jackals
  12 kobolds
  4 quokkas
  A giant cockroach zombie (D:5)
  A giant gecko skeleton (D:7)
  5 giant newts
  6 rats
  A spectral orc (D:2)
156 creatures vanquished.

Notes
Turn   | Place    | Note
--------------------------------------------------------------
     0 | D:1      | jbasstz the Minotaur Fighter began the quest for the Orb.
     0 | D:1      | Reached XP level 1. HP: 19/19 MP: 0/0
   126 | D:1      | Reached XP level 2. HP: 26/27 MP: 1/1
   483 | D:1      | Reached XP level 3. HP: 33/33 MP: 2/2
   822 | D:1      | Reached skill level 4 in Armour
   872 | D:2      | Found a white marble altar of Elyvilon.
   872 | D:2      | Found a glowing silver altar of Zin.
   873 | D:2      | Found a glowing golden altar of the Shining One.
  1104 | D:2      | Reached skill level 1 in Dodging
  1811 | D:2      | Found a basalt altar of Yredelemnul.
  2022 | D:2      | Reached XP level 4. HP: 40/40 MP: 3/3
  2133 | D:3      | Reached XP level 5. HP: 18/46 MP: 4/4
  2141 | D:3      | Reached skill level 5 in Armour
  2475 | D:3      | Found a blossoming altar of Fedhas.
  2852 | D:3      | Found a white marble altar of Elyvilon.
  2863 | D:3      | Reached skill level 5 in Shields
  3107 | D:4      | Noticed a phantom
  3134 | D:5      | Entered Level 5 of the Dungeon
  3134 | D:5      | Noticed an ice beast
  3166 | D:5      | Killed an ice beast
  3166 | D:5      | Reached XP level 6. HP: 46/53 MP: 5/5
  3181 | D:5      | Noticed an ice beast
  3193 | D:5      | Killed an ice beast
  3272 | D:4      | Noticed daning's ghost (amateur HESk)
  3285 | D:4      | Killed daning's ghost
  3285 | D:4      | Reached skill level 6 in Armour
  3285 | D:4      | Reached XP level 7. HP: 50/60 MP: 6/6
  3512 | D:4      | Reached skill level 5 in Fighting
  4204 | D:5      | Found Koatuich's General Store.
  4332 | D:5      | Reached skill level 5 in Maces & Flails
  4332 | D:5      | Reached XP level 8. HP: 68/69 MP: 7/7
  4584 | D:6      | Reached skill level 7 in Armour
  4658 | D:6      | Found a snail-covered altar of Cheibriados.
  4745 | D:6      | Found a shimmering altar of Xom.
  4831 | D:6      | Found an opulent altar of Gozag.
  4857 | D:6      | Found a shadowy altar of Dithmenos.
  5128 | D:6      | Noticed Jessica
  5134 | D:6      | Found a deep blue altar of Sif Muna.
  5144 | D:6      | Killed Jessica
  5453 | D:7      | Reached XP level 9. HP: 58/78 MP: 8/8
  5464 | D:7      | Reached skill level 8 in Armour
  5823 | D:7      | Reached skill level 9 in Armour
  5909 | D:7      | Slain by a killer bee

Skill      XL: |  1  2  3  4  5  6  7  8  9 |
---------------+----------------------------+-----
Shields        | 4 5 6 7 8 |  8.7
Fighting       | 4 5 6 7 |  7.3
Armour         | 4 5 6 7 9 |  9.2
Dodging        | 1 2 3 4 |  4.1
Maces & Flails | 3 4 5 7 8 |  8.1
Stealth        | |  0.6

Action                   |  1- 3 |  4- 6 |  7- 9 || total
-------------------------+-------+-------+-------++-------
Melee: Flail             |   135 |   120 |   288 ||   543
       Headbutt          |    11 |    22 |    57 ||    90
  Use: Scroll            |     6 |     1 |     3 ||    10
       Potion            |       |       |     2 ||     2
  Eat: Chunk             |     2 |     4 |     9 ||    15
       Fruit             |     2 |       |       ||     2
Armor: Scale mail        |    65 |    11 |       ||    76
       Plate armour      |       |    43 |   197 ||   240
Dodge: Dodged            |    47 |    25 |    97 ||   169
Block: Shield            |    80 |    62 |   216 ||   358
